 Dungeon Crawl Stone Soup version 0.30.1-11-g7821555f0a (webtiles) character file.

Game seed: 7560860514003200778

2444 Kallu the Grappler (level 9, -4/74 HPs)
             Began as a Ghoul Monk on Jan 7, 2024.
             Was a Priest of Wu Jian.
             Killed from afar by an acid dragon (9 damage)
             ... with a splash of acid
             ... on level 8 of the Dungeon.
             The game lasted 00:10:50 (5575 turns).

Kallu the Grappler (Ghoul Monk)                     Turns: 5575, Time: 00:10:50

Health: -4/74      AC:  9    Str: 19    XL:     9   Next: 49%
Magic:  8/8        EV: 10    Int:  5    God:    Wu Jian [***...]
Gold:   316        SH:  0    Dex: 11    Spells: 8/8 levels left

rFire   . .          .
                       - Unarmed
rCold   + . .        c - orb {light}
rNeg    + + +        F - +0 scale mail
rPois   ∞            J - +2 hat
rElec   .            (no cloak)
rCorr   .            (no gloves)
SInv    .            H - +0 pair of boots
Will    .....        (no amulet) Stlth
                     g - ring of wizardry
HPRegen 0.00/turn    (no ring)
MPRegen 0.11/turn

%: wizardry (x1)
@: brilliant, exhausted, inhibited regen, glowing
A: claws 1, cold resistance 1, negative energy resistance 3, inhibited
regeneration, torment resistance 2, devour on kill
a: Renounce Religion, Wall Jump, Serpent's Lash


You were on level 8 of the Dungeon.
You worshipped Wu Jian.
Wu Jian was most pleased with you.
You visited 2 branches of the dungeon, and saw 9 of its levels.

You collected 316 gold pieces.

Inventory:

Missiles
 r - 2 poisoned darts (quivered)
 s - a throwing net
 A - 3 boomerangs of dispersal
Armour
 c - an orb of light (worn)
 F - a +0 scale mail (worn)
 H - a +0 pair of boots (worn)
 J - a +2 hat (worn)
Jewellery
 g - a ring of wizardry (left claw)
Wands
 p - a wand of mindburst (4)
 C - a wand of polymorph (9)
 E - a wand of paralysis (12)
 K - a wand of quicksilver (8)
Scrolls
 d - a scroll of teleportation
 e - a scroll of butterflies {unknown}
 f - a scroll of acquirement {unknown}
 i - a scroll of fear {unknown}
 k - 2 scrolls of fog {unknown}
 l - 3 scrolls of vulnerability
 n - a scroll of blinking {unknown}
 o - 2 scrolls of immolation {unknown}
 t - a scroll of noise {unknown}
 u - a scroll of enchant armour {unknown}
 v - a scroll of enchant weapon {unknown}
 w - a scroll of brand weapon {unknown}
 x - a scroll of identify
 y - a scroll of amnesia {unknown}
 I - a scroll of poison {unknown}
Potions
 a - a potion of haste {unknown}
 b - 2 potions of ambrosia
 h - 3 potions of flight
 j - 2 potions of attraction {unknown}
 m - a potion of cancellation
 q - a potion of curing
 B - a potion of brilliance
 D - a potion of mutation {unknown}
 G - a potion of might {unknown}


   Skills:
 - Level 5.0 Fighting
 - Level 3.0 Armour
 - Level 2.6 Dodging
 + Level 12.8 Unarmed Combat


You had 8 spell levels left.
You didn't know any spells.
Your spell library contained the following spells:

 Spells                   Type           Power      Damage    Failure   Level
 Sandblast                Erth           0%         2d4       52%         1
 Passwall                 Tmut/Erth      0%         N/A       65%         2
 Scorch                   Fire           0%         2d5       65%         2
 Inner Flame              Hex/Fire       0%         N/A       86%         3
 Stone Arrow              Conj/Erth      0%         3d7       86%         3
 Flame Wave               Conj/Fire      0%         2d4       99%         4
 Yara's Violent Unravell  Hex/Tmut       0%         3d3       100%        5
 Summon Cactus Giant      Summ           0%         N/A       100%        6
 Enfeeble                 Hex            0%         N/A       100%        7
 Summon Hydra             Summ           0%         N/A       100%        7
 Sublimation of Blood     Necr           Unusable   N/A       N/A         2
 Wereblood                Tmut           Unusable   N/A       N/A         2

Dungeon Overview and Level Annotations

Branches:
Dungeon (8/15)             Temple (1/1) D:4
   Lair: D:8-11

Altars:
Ashenzari
Cheibriados
Dithmenos
Gozag
Hepliaklqana
Kikubaaqudgha
Makhleb
Qazlal
Ru
Sif Muna
Uskayaw
Wu Jian
Xom
Yredelemnul

Shops:
D:5 :


Innate Abilities, Weirdness & Mutations

You are immune to poison.
You have sharp fingernails.
Your flesh is cold resistant. (rC+)
You are immune to negative energy. (rN+++)
You do not regenerate when monsters are visible.
You are immune to unholy pain and torment.
You thrive by killing the living.


Message History

* * * LOW HITPOINT WARNING * * *
The two-headed ogre hits you with a +0 giant club!
* * * LOW HITPOINT WARNING * * *
Okay, then.
Unknown command.
Your muscles tense, ready for explosive movement...
Okay, then.
Unknown command.
Unknown command.
Your supernatural speed expires.
Aiming: Paralyse
Press: ? - help, Shift-Dir - straight line, f - two-headed ogre
Aim: a two-headed ogre, wielding a +0 dire flail and a +0 giant club (heavily wounded, haloed, chance to affect: 31%)
Okay, then.
Unknown command.
Aiming: Mindburst
Press: ? - help, Shift-Dir - straight line, f - two-headed ogre
Aim: a two-headed ogre, wielding a +0 dire flail and a +0 giant club (heavily wounded, chance to affect: 47%)
The two-headed ogre resists with some effort.
Okay, then.
Okay, then.
Okay, then.
As you read the scroll labelled GAS KONIGU, it crumbles to dust.
You feel strangely unstable.
It was a scroll of teleportation.
Your surroundings suddenly seem different.
An acid dragon, a bullfrog and 6 kobolds come into view.
Found 14 gold pieces.
The acid dragon roars!
The bullfrog gives a loud, deep croak!
The kobold shouts! x6; You hear a shout!
A kobold brigand comes into view.
It is wielding a +0 whip and quivering poisoned darts.
Okay, then.
It was a potion of brilliance.
You feel clever all of a sudden.
Okay, then.
It was a potion of lignification.
You feel woody for a moment. The kobold hits you but does no damage.
A kobold comes into view. It is wielding a +0 dagger.
The acid dragon spits acid at you. The splash of acid hits you!
You die...

.....
.#..
... #..
#..
#$.## ♣
#..D#
♣♣♣.♣
#.@#
..O
#KK#
♣♣.♣
#.K#
♣.♣#
#KK#
#♣♣♣♣O#
#KK#
#..O♣.#
...F
#.♣♣..#
#..#
#♣.♣♣♣#
K...
♣♣.♣
##♣.♣##


You could see an acid dragon (catching breath), a kobold brigand, a bullfrog and
7 kobolds.

Vanquished Creatures
  Grinder (D:3)
  Menkaure (D:5)
  3 water moccasins
  2 ice beasts
  A black bear (D:6)
  2 ogres (D:5)
  2 phantoms
  A bullfrog (D:6)
  2 gnoll sergeants
  A wyvern zombie (D:7)
  A scorpion (D:7)
  2 howler monkeys
  An electric eel (D:6)
  A human zombie (D:7)
  A jelly (D:5)
  3 bullfrog zombies (D:7)
  2 centaur zombies (D:7)
  3 hounds
  2 sleepcaps
  2 iguanas (D:5)
  3 orc wizards (D:7)
  2 killer bee zombies (D:7)
  2 mummies (D:7)
  A howler monkey zombie (D:7)
  2 adders (D:2)
  11 gnolls
  A shadow imp (D:6)
  A worm (D:3)
  11 orcs
  6 ball pythons
  2 bats
  7 endoplasms
  3 giant cockroaches
  4 hobgoblins
  2 jackals (D:1)
  5 quokkas
  A frilled lizard (D:3)
  5 goblins
  5 kobolds
  6 rats
  A spectral orc (D:7)
115 creatures vanquished.

Notes
Turn   | Place    | Note
-------+----------+-------------------------------------------
     0 | D:1      | Kallu the Ghoul Monk began the quest for the Orb.
     0 | D:1      | Reached XP level 1. HP: 19/19 MP: 0/0
   111 | D:1      | Reached XP level 2. HP: 22/26 MP: 1/1
   138 | D:1      | Reached skill level 4 in Unarmed Combat
   158 | D:1      | Found a faded altar of an unknown god.
   582 | D:2      | Reached XP level 3. HP: 18/31 MP: 2/2
   869 | D:2      | Reached skill level 5 in Unarmed Combat
  1296 | D:3      | Reached XP level 4. HP: 38/38 MP: 3/3
  1551 | D:3      | Noticed Grinder
  1562 | D:3      | Killed Grinder
  1563 | D:3      | Reached skill level 7 in Unarmed Combat
  1563 | D:3      | Reached XP level 5. HP: 45/45 MP: 4/4
  1563 | D:3      | Reached XP level 6. HP: 51/51 MP: 5/5
  1623 | D:3      | HP: 1/51 [gnoll/+0 spear (5)]
  2279 | D:4      | Found a staircase to the Ecumenical Temple.
  2294 | Temple   | Entered the Ecumenical Temple
  2381 | Temple   | Became a worshipper of the Wu Jian Council
  2381 | Temple   | Reached * piety under Wu Jian
  2381 | Temple   | Reached ** piety under Wu Jian
  2498 | D:4      | You fall into a shaft and drop 1 floor!
  2498 | D:5      | Entered Level 5 of the Dungeon
  2530 | D:5      | Noticed Menkaure
  2539 | D:5      | Killed Menkaure
  2540 | D:5      | Reached skill level 8 in Unarmed Combat
  2540 | D:5      | Reached XP level 7. HP: 45/57 MP: 6/6
  2660 | D:5      | Reached skill level 1 in Armour
  2935 | D:5      | Found Homawnu's Book Shop.
  3416 | D:5      | Reached skill level 5 in Fighting
  3504 | D:6      | Reached XP level 8. HP: 68/68 MP: 7/7
  3517 | D:5      | Reached skill level 9 in Unarmed Combat
  4177 | D:6      | Reached skill level 10 in Unarmed Combat
  4476 | D:7      | Reached skill level 11 in Unarmed Combat
  4682 | D:7      | Reached XP level 9. HP: 70/74 MP: 8/8
  4752 | D:7      | Reached skill level 12 in Unarmed Combat
  5160 | D:7      | Found an ancient bone altar of Kikubaaqudgha.
  5173 | D:7      | Reached *** piety under Wu Jian
  5485 | D:7      | Found a hazy altar of Hepliaklqana.
  5543 | D:8      | Noticed a two-headed ogre
  5575 | D:8      | Killed from afar by an acid dragon

Illustrated notes

Levels and vault maps discovered:
D:1:      lightli_arrival_boilingwater, layout_rooms,
          ebering_ecumenical_altar_abandoned, hangedman_decor_clover_reticule,
          minmay_liquid_box
D:2:      layout_loops_corners, grunt_ministairs_14, corexii_leaking_fountain
D:3:      layout_loops_ring, tso_altar, grunt_ministairs_6,
          nicolae_kite_square_tiling_tiny, uniq_grinder
D:4:      layout_gridville, minmay_temple_entry_offerings,
          mrwooster_statue_mirror, grunt_ministairs_10
D:5:      layout_basic, serial_shops, shop, kennysheep_small_spiral,
          uniq_menkaure
D:6:      layout_rooms, nicolae_water_bricks, kennysheep_another_room
D:7:      layout_cave_pools, lemuel_mausoleum_altar_kikubaaqudgha,
          nicolae_hepliaklqana_monster_ancestors
D:8:      nzn_winding_woodlands_large [nzn_winding_woodlands_hourglass,
          nzn_winding_woodlands_5x15_jagged,
          nzn_winding_woodlands_5x5_checkerboard,
          nzn_winding_woodlands_center_lodge,
          nzn_winding_woodlands_15x15_boxy_spiral,
          nzn_winding_woodlands_center_triple_pond,
          nzn_winding_woodlands_5x5_open_star, nzn_winding_woodlands_5x15_eye,
          nzn_winding_woodlands_5x5_default], layout_loops_ring, special_room
          [special_room_orc]
Temple:   compressed_dpeg_circular_temple

Skill      XL: |  1  2  3  4  5  6  7  8  9 |
---------------+----------------------------+-----
Unarmed Combat | 4 5 7 8 11 12 | 12.8
Armour         | 3 |  3.0
Fighting       | 5 |  5.0
Dodging        | |  2.6

Action                     |  1- 3 |  4- 6 |  7- 9 || total
---------------------------+-------+-------+-------++-------
  Melee: Unarmed           |    80 |    52 |   229 ||   361
  Throw: Dart              |       |     1 |       ||     1
 Invoke: Serpent's Lash    |       |       |     1 ||     1
Ability: Lunge             |       |     2 |    12 ||    14
         Wall Jump         |       |       |    20 ||    20
         Whirlwind         |       |       |    48 ||    48
  Evoke: Wand              |       |     5 |     1 ||     6
    Use: Potion            |       |     2 |     3 ||     5
         Scroll            |       |       |     3 ||     3
 Armour: Robe              |    16 |     5 |     2 ||    23
         Ring mail         |       |       |    16 ||    16
         Scale mail        |       |       |    33 ||    33
  Dodge: Dodged            |    42 |    29 |    86 ||   157
